 Dungeon Crawl Stone Soup version 0.30.0 (webtiles) character file.

Game seed: 13600800685772630951

28 DocterCrane the Trooper (level 2, 0/27 HPs)
             Began as a Draconian Berserker on Oct 2, 2023.
             Was a Follower of Trog.
             Slain by Sigmund
             ... wielding a +0 scythe
              (6 damage)
             ... on level 3 of the Dungeon.
             The game lasted 00:18:34 (1076 turns).

DocterCrane the Trooper (Draconian Berserker)       Turns: 1076, Time: 00:18:35

Health: 0/27       AC:  4    Str: 19    XL:     2   Next: 96%
Magic:  0/0        EV: 12    Int:  7    God:    Trog [*.....]
Gold:   66         SH:  0    Dex: 10    Spells: 1/1 levels left

rFire   . . .        q - +1 spear (antimagic)
rCold   . . .        (no shield)
rNeg    . . .        (body armour unavailable)
rPois   .            (helmet restricted)
rElec   .            (no cloak)
rCorr   .            (no gloves)
SInv    .            (no boots)
Will    .....        (no amulet)
Stlth   +            (no ring)
HPRegen 0.24/turn    (no ring)
MPRegen 0.07/turn

%: no passive effects
@: lethally poisoned (0 -> -4), on berserk cooldown, slowed, very slow
A: AC +4, unfitting armour, cold-blooded, antennae 1, claws 1, screaming 1
a: Renounce Religion, Berserk


You were on level 3 of the Dungeon.
You worshipped Trog.
Trog was aware of your devotion.
You visited 1 branch of the dungeon, and saw 3 of its levels.

You collected 66 gold pieces.

Inventory:

Hand Weapons
 a - a +0 hand axe
 e - a +0 mace
 f - a +0 short sword
 o - a +0 dire flail
 q - a +1 antimagic spear (weapon)
Missiles
 k - 21 stones (quivered)
Scrolls
 b - 2 scrolls of blinking {unknown}
 g - a scroll of teleportation {unknown}
 h - a scroll of noise {unknown}
 i - a scroll of fear {unknown}
 l - 2 scrolls of identify {unknown}
 m - 2 scrolls of enchant weapon {unknown}
 n - a scroll of vulnerability {unknown}
 p - a scroll of summoning {unknown}
Potions
 d - a potion of mutation
 j - a potion of lignification {unknown}


   Skills:
 * Level 3.6 Fighting
 + Level 3.3 Axes
 * Level 3.2 Dodging
 + Level 0.2 Stealth


You had one spell level left.
You didn't know any spells.
Your spell library contained the following spells:

 Spells                   Type           Power      Damage    Failure   Level
 Kiss of Death            Conj/Necr      0%         2d5       43%         1
 Confusing Touch          Hex            0%         N/A       80%         3
 Dispel Undead            Necr           0%         3d6       99%         4


Dungeon Overview and Level Annotations

Branches:
Dungeon (3/15)

Altars:
Yredelemnul

Shops:
D:1 :

Annotations:
D:3 Sigmund


Innate Abilities, Weirdness & Mutations

Your plain brown scales are hard. (AC +4)
You cannot fit into any form of body armour.
You are cold-blooded and may be slowed by cold attacks.
You have a pair of small antennae on your head.
You have sharp fingernails.
You occasionally shout uncontrollably at your foes.


Message History

The adder closely misses you. The jackal misses you.
The jackal barely misses you. Sigmund hits you with a +0 scythe!
The adder closely misses you. The jackal bites you.
The jackal closely misses you.
You closely miss Sigmund.
Sigmund is lightly wounded.
The jackal bites you but does no damage.
The adder bites you but does no damage.
Sigmund falters for a moment.
The adder barely misses you.
The jackal bites you but does no damage.
Sigmund hits you but does no damage.
You hit Sigmund.
Sigmund's magic leaks into the air.
Sigmund is moderately wounded.
The jackal closely misses you. The jackal misses you.
The jackal barely misses you. The adder bites you but does no damage.
The jackal barely misses you. The jackal misses you. The jackal bites you.
The adder bites you but does no damage.
Sigmund falters for a moment.
The jackal bites you.
The jackal bites you but does no damage.
The jackal barely misses you.
You closely miss Sigmund.
Sigmund is moderately wounded.
The adder bites you. The jackal bites you.
The jackal bites you but does no damage.
The jackal misses you. The adder misses you.
Sigmund whispers, "You'll know eternity soon."
Sigmund barely misses you. The jackal closely misses you.
The jackal bites you but does no damage. x2
It was a potion of mutation.
You feel extremely strange.
You feel the urge to shout. A pair of antennae grows on your head!
Your fingernails lengthen.
The adder bites you but does no damage.
The jackal bites you but does no damage. x2
The jackal bites you.
* * * LOW HITPOINT WARNING * * *
The adder bites you.
* * * LOW HITPOINT WARNING * * *
You are poisoned.
The adder poisons you! Sigmund hits you with a +0 scythe.
You die...

##### #...#
#...#
####...####
#..<..h@@h#
#.....Shh$.....
#.........#####
#......####
#?##...# #.
#...# .. .....
#..#######


You could see Sigmund (magic disrupted), an adder and 4 jackals.

Vanquished Creatures
  2 dart slugs (D:1)
  A bat (D:2)
  An endoplasm (D:1)
  A giant cockroach (D:1)
  3 goblins (D:1)
  4 hobgoblins (D:1)
  A quokka (D:1)
  3 ball pythons
  A frilled lizard (D:1)
  A kobold (D:1)
  3 rats
21 creatures vanquished.

Vanquished Creatures (others)
  3 withered plants (D:1)
3 creatures vanquished.

Grand Total: 24 creatures vanquished

Notes
Turn   | Place    | Note
-------+----------+-------------------------------------------
     0 | D:1      | DocterCrane the Draconian Berserker began the quest for the
                  | Orb.
     0 | D:1      | Reached XP level 1. HP: 19/19 MP: 1/1
    62 | D:1      | Found Ujaer's Book Shop.
    82 | D:1      | Found a basalt altar of Yredelemnul.
   138 | D:1      | Reached XP level 2. HP: 26/26 MP: 2/2
   229 | D:1      | Found a faded altar of an unknown god.
  1063 | D:3      | Noticed Sigmund
  1076 | D:3      | Gained mutation: You occasionally shout uncontrollably at
                  | your foes. [potion of mutation]
  1076 | D:3      | Gained mutation: You have a pair of small antennae on your
                  | head. [potion of mutation]
  1076 | D:3      | Gained mutation: You have sharp fingernails. [potion of
                  | mutation]
  1076 | D:3      | Slain by Sigmund

Illustrated notes

Levels and vault maps discovered:
D:1:      dpeg_arrival_rooms_a, layout_basic, serial_rivers,
          chequers_serial_rivers_room_b, chequers_serial_rivers_small_a,
          chequers_serial_rivers_large_a, chequers_serial_rivers_small_3,
          ebering_ecumenical_altar_petrified, serial_shops, shop,
          minmay_curled_crystal, st_stairs_3, minmay_hexomino_r4
D:2:      layout_loops_ring
D:3:      layout_loops_ring, uniq_terence, uniq_natasha, uniq_sigmund,
          uniq_crazy_yiuf_cottage

Skill      XL: |  1  2 |
---------------+-------+-----
Dodging        | 3 |  3.2
Fighting       | |  3.6
Axes           | |  3.3
Stealth        | |  0.2

Action                     || total
---------------------------++-------
  Melee: Hand axe          ||    27
         Tailslap          ||     7
         Mace              ||    45
         Spear             ||     5
 Invoke: Berserk           ||     1
    Use: Potion            ||     2
 Armour: Skin              ||    34
  Dodge: Dodged            ||    56
